 Dungeon Crawl Stone Soup version 0.30.0-16-gbe6223bb7e (webtiles) character file.

Game seed: 5988237223484669720

1134 sasquatch the Firebug (level 7, -6/50 HPs)
             Began as a Demigod Fire Elementalist on May 20, 2023.
             Mangled by an orc warrior
             ... wielding a +0 long sword
              (10 damage)
             ... on level 7 of the Dungeon.
             The game lasted 00:09:28 (6003 turns).

sasquatch the Firebug (Demigod Fire Elementalist)   Turns: 6003, Time: 00:09:29

Health: -6/50      AC:  2    Str:  9    XL:     7   Next: 90%
Magic:  13/16      EV: 12    Int: 25    God:
Gold:   249        SH:  0    Dex: 14    Spells: 0/13 levels left

rFire   . . .        D - +2 spear (flame)
rCold   . . .        (no shield)
rNeg    . . .        a - +0 robe
rPois   +            (no helmet)
rElec   .            (no cloak)
rCorr   .            (no gloves)
SInv    +            (no boots)
Will    .....        n - amulet of reflection
Stlth   +            F - ring of poison resistance
HPRegen 0.28/turn    G - ring of see invisible
MPRegen 0.15/turn

%: reflection
@: confused, brilliant, ambrosia-drunk, attractive
A: high MP 1, forlorn, divine attributes
a: no special abilities


You were on level 7 of the Dungeon.
You visited 1 branch of the dungeon, and saw 7 of its levels.

You collected 249 gold pieces.

Inventory:

Hand Weapons
 A - a +0 morningstar
 D - a +2 spear of flaming (weapon)
Missiles
 o - 5 curare-tipped darts
 p - 19 poisoned darts
 y - 3 throwing nets
Armour
 a - a +0 robe (worn)
 c - a +0 ring mail
Jewellery
 n - an amulet of reflection (around neck)
 F - a ring of poison resistance (left hand)
 G - a ring of see invisible (right hand)
Wands
 u - a wand of iceblast (18)
 I - a wand of digging (7)
Scrolls
 d - a scroll of enchant weapon {unknown}
 e - 2 scrolls of enchant armour {unknown}
 f - 3 scrolls of noise
 i - 2 scrolls of poison {unknown}
 l - 4 scrolls of identify {unknown}
 q - a scroll of fog {unknown}
 r - a scroll of fear {unknown}
 s - 3 scrolls of brand weapon {unknown}
 t - 3 scrolls of teleportation {unknown}
 v - a scroll of blinking {unknown}
 x - a scroll of amnesia {unknown}
 C - 3 scrolls of silence {unknown}
 E - a scroll of vulnerability {unknown}
Potions
 b - a potion of magic
 g - 2 potions of curing {unknown}
 h - 2 potions of might {unknown}
 j - a potion of brilliance
 k - a potion of heal wounds {unknown}
 m - 2 potions of ambrosia
 w - 3 potions of lignification {unknown}
 z - 3 potions of attraction
 B - a potion of berserk rage {unknown}
 H - a potion of degeneration {unknown}


   Skills:
 - Level 2.0 Dodging
 - Level 2.0 Stealth
 + Level 3.8 Spellcasting
 * Level 5.4 Conjurations
 * Level 6.2 Fire Magic


You couldn't memorise any spells.
You knew the following spells:

 Your Spells              Type           Power      Damage    Failure   Level
a - Foxfire               Conj/Fire      100%       2x1d9     1%          1
b - Scorch                Fire           100%       2d9       1%          2
c - Inner Flame           Hex/Fire       30%        N/A       8%          3
d - Volatile Blastmotes   Fire/Tloc      60%        2d15      8%          3
e - Flame Wave            Conj/Fire      50%        2d12      9%          4

Your spell library contained the following spells:

 Spells                   Type           Power      Damage    Failure   Level
 Portal Projectile        Hex/Tloc       14%        N/A       28%         3
 Tukima's Dance           Hex            7%         N/A       28%         3
 Irradiate                Conj/Tmut      13%        3d16      63%         5
 Blade Hands              Tmut           3%         N/A       95%         5
 Dragon Form              Tmut           3%         N/A       100%        7


Dungeon Overview and Level Annotations

Branches:
Dungeon (8/15)             Temple (0/1) D:4
   Lair: D:8-11

Shops:
D:2 :

Annotations:
D:4 3 runed translucent doors, Licon's ghost, amateur MiBe
D:5 exclusion: 4 doors
D:7 exclusion: door


Innate Abilities, Weirdness & Mutations

You have an increased reservoir of magic. (+10% MP)
You shall have no god before yourself.
Your divine heritage dramatically boosts your attributes as you level up.


Message History

Casting: Foxfire (safe; 1% risk of failure)
Press: ? - help, Q - select action, (/) - cycle Dir - look around, f - activate You conjure some foxfire!
An orc priest comes into view. It is wielding a +0 flail.
The orc warrior barely misses you.
Casting: Foxfire (safe; 1% risk of failure)
Confirm with . or Enter, or press ? or * to list all spells.
Flames lash the orc wizard.
The orc wizard is heavily wounded.
The orc wizard's fire resistance burns away.
You hear an angry hiss.
The foxfire hits the orc warrior but does no damage.
The orc warrior is severely wounded.
The foxfire hits the orc warrior but does no damage.
The orc warrior is severely wounded.
The orc warrior hits you with a +0 long sword!
The orc priest mumbles some strange prayers to Beogh against you.
Beogh smites you!
As you read the scroll labelled XOURITZ EQASK, it crumbles to dust.
You hear a loud clanging noise!
It was a scroll of noise.
You hear a croak.
You hear a shout!
The orc warrior hits you with a +0 long sword!
* * * LOW HITPOINT WARNING * * *
It was a potion of ambrosia.
You are confused.
You feel invigorated.
The orc wizard hits you but does no damage.
The orc warrior misses you.
It was a potion of attraction.
You feel attractive to monsters.
The orc warrior hits you with a +0 long sword!
* * * LOW HITPOINT WARNING * * *
The orc priest is attracted toward you.
It was a potion of brilliance.
You feel clever all of a sudden.
The orc priest hits you with a +0 flail!
* * * LOW HITPOINT WARNING * * *
The orc warrior hits you with a +0 long sword!
You die...

#....# ####+### ##....#
######.....####
#.......).....#
#.####.....##.#
##.#.........#.#
o.#####....o.#.###.#.#
...)).'ยง..o@.#.#.....# ##
.o#####...oo.#.#.#.####...
#......#.#.#......#
#........#.#....###
#......###.'>...# #......#
###....# ######## ######


You could see an orc warrior, 2 orc priests and an orc wizard (combustible).

Vanquished Creatures
  Menkaure (D:7)
  A water moccasin (D:5)
  An orc warrior (D:7)
  2 phantoms
  A bullfrog (D:7)
  A crimson imp (D:4)
  2 jellies (D:7)
  4 hounds (D:5)
  An orc priest (D:5)
  A gnoll bouda (D:5)
  2 iguanas
  An orc wizard (D:3)
  6 adders
  5 gnolls (D:5)
  2 worms
  2 dart slugs (D:2)
  16 orcs
  6 ball pythons
  6 endoplasms
  4 giant cockroaches
  11 goblins
  18 hobgoblins
  18 jackals
  A quokka (D:1)
  10 bats
  3 frilled lizards
  5 kobolds
  6 rats
137 creatures vanquished.

Vanquished Creatures (collateral kills)
  A foxfire (D:5)
1 creature vanquished.

Vanquished Creatures (others)
  419 foxfires
419 creatures vanquished.

Grand Total: 557 creatures vanquished

Notes
Turn   | Place    | Note
-------+----------+-------------------------------------------
     0 | D:1      | sasquatch the Demigod Fire Elementalist began the quest for
                  | the Orb.
     0 | D:1      | Reached XP level 1. HP: 14/14 MP: 5/5
    14 | D:1      | Reached skill level 1 in Conjurations
   261 | D:1      | Reached XP level 2. HP: 14/20 MP: 4/7
   275 | D:1      | Learned a level 2 spell: Scorch
   373 | D:1      | Reached skill level 3 in Fire Magic
  1128 | D:2      | Reached XP level 3. HP: 22/26 MP: 2/8
  1959 | D:2      | Reached XP level 4. HP: 30/33 MP: 5/10
  2174 | D:2      | Found Genuussy's Book Boutique.
  3267 | D:3      | Reached skill level 4 in Fire Magic
  3353 | D:3      | Reached XP level 5. HP: 38/38 MP: 4/11
  3422 | D:3      | Learned a level 3 spell: Inner Flame
  3426 | D:3      | Learned a level 3 spell: Volatile Blastmotes
  3592 | D:4      | Found a runed translucent gate.
  4060 | D:4      | Found a runed translucent gate.
  4060 | D:4      | Found a runed translucent gate.
  4060 | D:4      | Noticed Licon's ghost (amateur MiBe)
  4279 | D:4      | Found a staircase to the Ecumenical Temple.
  4621 | D:5      | Entered Level 5 of the Dungeon
  4676 | D:5      | Reached XP level 6. HP: 45/45 MP: 9/13
  4853 | D:5      | Noticed a water moccasin
  4860 | D:5      | Killed a water moccasin
  4861 | D:5      | Reached skill level 5 in Fire Magic
  5166 | D:5      | Reached XP level 7. HP: 46/50 MP: 3/15
  5602 | D:5      | You fall into a shaft and drop 3 floors!
  5657 | D:8      | Noticed a boulder beetle
  5667 | D:7      | Noticed Menkaure
  5672 | D:7      | Killed Menkaure
  5673 | D:7      | Reached skill level 5 in Conjurations
  5767 | D:7      | Learned a level 4 spell: Flame Wave
  5791 | D:7      | Reached skill level 6 in Fire Magic
  5909 | D:7      | Noticed a steam dragon
  6003 | D:7      | Mangled by an orc warrior

Illustrated notes

Levels and vault maps discovered:
D:1:      wander_arrival_desolate, layout_basic
D:2:      cheibrodos_greedy_goblins, layout_loops_ring, serial_shops,
          nicolae_diamond_shop, minmay_increasing_density
D:3:      layout_rooms, nicolae_overflow_two_pavilions,
          chequers_temple_overflow_statue_of_worship
D:4:      layout_basic, grunt_temple_overflow_lords_of_destruction,
          kennysheep_mini_moat, mainiacjoe_overflow_catwalk, temple_pool_b,
          gammafunk_ghost_nasty_kobolds
D:5:      lemuel_castle_with_subvaults [lemuel_castle_interior_carwin_3],
          layout_loops_ring, nicolae_overflow_crystal_walls, marbit_many_paths
D:7:      layout_basic, nicolae_uskayaw_dance_hall, lemuel_crystal_altar,
          guppyfry_shop_venom, uniq_menkaure
D:8:      layout_loops_cross, overflow_temple_1_default,
          guppyfry_early_elven_hall, uniq_erica, uniq_prince_ribbit1

Skill      XL: |  1  2  3  4  5  6  7 |
---------------+----------------------+-----
Conjurations   | 1 2 3 4 5 |  5.4
Stealth        | 2 |  2.0
Fire Magic     | 3 4 5 6 |  6.2
Dodging        | 2 |  2.0
Spellcasting   | 2 3 |  3.8

Action                     |  1- 3 |  4- 6 |  7- 9 || total
---------------------------+-------+-------+-------++-------
  Melee: Club              |    10 |     3 |       ||    13
         Unarmed           |     5 |       |       ||     5
         Punch             |     1 |       |       ||     1
         Morningstar       |       |    14 |       ||    14
         Spear             |       |     4 |     1 ||     5
  Throw: Dart              |     3 |       |       ||     3
   Cast: Foxfire           |   100 |   101 |    55 ||   256
         Scorch            |     9 |    31 |    14 ||    54
    Use: Potion            |       |       |     3 ||     3
         Scroll            |       |       |     1 ||     1
 Armour: Robe              |     6 |     6 |     1 ||    13
  Dodge: Dodged            |    28 |    21 |     2 ||    51
  Block: Other             |       |     8 |     1 ||     9
